 Dungeon Crawl Stone Soup version 0.24.0-1-gfbc8707 (webtiles) character file.

Game seed: 12246029440918301379, levelgen mode: deterministic

105 Faca the Ducker (level 4, -3/35 HPs)
             Began as a Merfolk Necromancer on Nov 8, 2019.
             Killed from afar by Natasha (7 damage)
             ... with a magic dart
             ... on level 2 of the Dungeon.
             The game lasted 00:07:35 (2985 turns).

Faca the Ducker (Merfolk Necromancer)               Turns: 2985, Time: 00:07:35

Health: -3/35      AC:  7    Str:  9    XL:     4   Next: 81%
Magic:  6/7        EV: 12    Int: 14    God:
Gold:   100        SH:  0    Dex: 14    Spells: 6/7 levels left

rFire    . . .     SeeInvis .   a - +0 halberd
rCold    . . .     Gourm    .   (shield currently unavailable)
rNeg     . . .     Faith    .   b - +0 ring mail
rPois    .         Spirit   .   (no helmet)
rElec    .         Reflect  .   g - +1 cloak
rCorr    .         Harm     .   (no gloves)
MR       .....                  (no boots)
Stlth    +.........             (no amulet)
HPRegen  0.11/turn              (no ring)
MPRegen  0.10/turn              (no ring)

@: slowed, very slow
A: change form in water, swift swim, stealthy swim
a: no special abilities


You were on level 2 of the Dungeon.
You were not hungry.

You visited 1 branch of the dungeon, and saw 3 of its levels.

You collected 100 gold pieces.

Inventory:

Hand Weapons
 a - a +0 halberd (weapon)
Armour
 b - a +0 ring mail (worn)
 g - a +1 cloak (worn)
Scrolls
 d - 2 scrolls of amnesia
 e - 5 scrolls of identify
 f - a scroll of enchant armour
Potions
 j - a potion of might
 k - a potion of curing
 l - a potion of berserk rage
 m - a potion of haste
Comestibles
 c - 2 rations


   Skills:
 + Level 3.0 Fighting
 + Level 1.5 Polearms
 + Level 4.7 Dodging
 - Level 2.1 Stealth
 - Level 2.0 Spellcasting
 - Level 3.2 Necromancy


You had 6 spell levels left.
You knew the following spells:

 Your Spells              Type           Power        Failure   Level  Hunger
a - Pain                  Necr           ##..         17%         1    ##.....

Your spell library contained the following spells:

 Spells                   Type           Power        Failure   Level  Hunger
 Animate Skeleton         Necr           N/A          17%         1    ##.....
 Vampiric Draining        Necr           ##........   45%         3    ####...
 Regeneration             Chrm/Necr      #.........   71%         3    ####...
 Animate Dead             Necr           N/A          86%         4    #####..


Dungeon Overview and Level Annotations

Branches:
Dungeon (3/15)

Altars:
Nemelex Xobeh

Annotations:
D:2 Natasha


Message History

The rat bites you but does no damage.
You closely miss the rat.
The rat is severely wounded.
Natasha mumbles some strange words.
Natasha glows brightly for a moment.
Natasha claws you. The rat closely misses you. Natasha claws you.
* * * LOW HITPOINT WARNING * * *
The rat bites you.
* * * LOW HITPOINT WARNING * * *
Casting: Pain (safe; 17% risk of failure)
Confirm with . or Enter, or press ? or * to list all spells.
Aiming: Pain (safe; 17% risk of failure)
Press: ? - help, Shift-Dir - straight line, f - Natasha
Aim: Natasha (chance to defeat MR: 63%) Natasha writhes in agony.
Natasha claws you.
* * * LOW HITPOINT WARNING * * *
The rat bites you but does no damage. Natasha casts a spell at you.
The magic dart hits you!
You die...

#.##.....<...........# #.#
#.##.#####.###..#.#.######.####
.....# #.###.#......#.>.....###
#<#..#####...#.##.#.#...##.##.##.
...............#.....##.##.##.##.
##...#######.####.#.#............
##...# #.# #.....##.##.##.##.
#...# #.# ##.#.###.##.##.##.
#...# #.###@r...##.......###
##...# #...h#.#.#.(....####
.....# ########..####### ..[..#
#..# ....## #..# .##.# #..# .##.#
#..# .##.# #..# .##.# #..###


You could see Natasha and a rat.

Vanquished Creatures
  3 gnolls
  2 adders (D:2)
  3 worms (D:2)
  2 dart slugs
  A leopard gecko (D:3)
  4 giant cockroaches
  5 goblins
  7 hobgoblins
  5 kobolds
  A quokka (D:2)
  3 bats (D:2)
  2 frilled lizards (D:1)
  10 rats
48 creatures vanquished.

Notes
Turn   | Place    | Note
-------+----------+-------------------------------------------
     0 | D:1      | Faca the Merfolk Necromancer began the quest for the Orb.
     0 | D:1      | Reached XP level 1. HP: 13/13 MP: 3/3
   228 | D:1      | Reached skill level 3 in Dodging
   392 | D:1      | Reached skill level 1 in Fighting
   513 | D:1      | Reached XP level 2. HP: 8/21 MP: 1/5
  1430 | D:2      | Reached XP level 3. HP: 27/27 MP: 6/6
  1638 | D:2      | Reached skill level 4 in Dodging
  1670 | D:2      | Found a sparkling altar of Nemelex Xobeh.
  1785 | D:1      | Reached XP level 4. HP: 23/34 MP: 5/7
  2244 | D:2      | Reached skill level 1 in Polearms
  2958 | D:3      | Noticed Natasha
  2985 | D:2      | Killed from afar by Natasha

Levels and vault maps discovered:
D:1:      dpeg_arrival_castle, layout_basic
D:2:      minmay_spotlight, layout_loops_ring, st_stairs_13,
          nemelex_spade_bored_becter
D:3:      layout_rooms, hangedman_decor_peaks_small, grunt_ministairs_9,
          uniq_natasha

Skill      XL: |  1  2  3  4 |
---------------+-------------+-----
Dodging        | 3 4 |  4.7
Fighting       | 1 2 3 |  3.0
Polearms       | 1 |  1.5
Stealth        | |  2.1
Spellcasting   | |  2.0
Necromancy     | |  3.2

Action                   |  1- 3 |  4- 6 || total
-------------------------+-------+-------++-------
Melee: Unarmed           |    22 |       ||    22
       Tailslap          |     1 |       ||     1
       Short sword       |    45 |       ||    45
       Dagger            |     8 |       ||     8
       Halberd           |       |    86 ||    86
 Cast: Pain              |    30 |     7 ||    37
  Use: Scroll            |       |     7 ||     7
 Stab: Sleeping          |     5 |     3 ||     8
  Eat: Chunk             |     3 |     4 ||     7
Armor: Robe              |     4 |       ||     4
       Leather armour    |       |    18 ||    18
       Ring mail         |       |    12 ||    12
Dodge: Dodged            |    60 |    74 ||   134
